 Dungeon Crawl Stone Soup version 0.31-a0-233-g139696dc86 (webtiles) character file.

Game seed: 9350435315028874980

240 qw the Shooter (level 6, -14/37 HPs)
             Began as a Gargoyle Hexslinger on July 7, 2023.
             Demolished by an ogre
             ... wielding a +0 giant club
              (20 damage)
             ... on level 3 of the Dungeon.
             The game lasted 00:01:08 (2522 turns).

qw the Shooter (Gargoyle Hexslinger)                Turns: 2522, Time: 00:01:09

Health: -14/37     AC: 16    Str: 11    XL:     6   Next: 8%
Magic:  7/7        EV: 10    Int: 14    God:
Gold:   140        SH:  0    Dex: 14    Spells: 6/7 levels left

rFire   . . .        Y - +1 sling
rCold   . . .        (no shield)
rNeg    + . .        i - +0 ring mail
rPois   inf          (no helmet)
rElec   +            a - +0 cloak
rCorr   .            (no gloves)
SInv    .            e - +0 pair of boots
Will    .....        (no amulet)
Stlth   +            b - +4 ring of protection
HPRegen 0.26/turn    (no ring)
MPRegen 0.10/turn

%: no passive effects
@: no status effects
A: sickness immunity, AC +4, negative energy resistance 1, electricity
resistance, torment resistance 1, petrification resistance
a: no special abilities


You were on level 3 of the Dungeon.
You visited 1 branch of the dungeon, and saw 3 of its levels.

You collected 140 gold pieces.


Innate Abilities, Weirdness & Mutations

You are immune to sickness and miasma.
Your stone body is resilient. (AC +4)
You are immune to poison.
You resist negative energy. (rN+)
You are resistant to electric shocks. (rElec)
You are resistant to unholy torment.
You are immune to petrification.


   Skills:
 - Level 3.0 Fighting
 + Level 5.0 Ranged Weapons
 - Level 2.2 Armour
 - Level 1.5 Dodging
 - Level 1.0 Spellcasting
 - Level 2.6 Hexes


You had 6 spell levels left.
You knew the following spells:

 Your Spells              Type           Power      Damage    Failure   Level
a - Slow                  Hex            32%        N/A       21%         1

Your spell library contained the following spells:

 Spells                   Type           Power      Damage    Failure   Level
 Inner Flame              Hex/Fire       4%         N/A       71%         3
 Portal Projectile        Hex/Tloc       8%         N/A       71%         3
 Cause Fear               Hex            4%         N/A       90%         4

Inventory:

Hand Weapons
 Y - a +1 sling (weapon)
Armour
 a - a +0 cloak (worn)
 e - a +0 pair of boots (worn)
 i - a +0 ring mail (worn)
Jewellery
 b - a +4 ring of protection (left hand)
Scrolls
 c - 3 scrolls of identify
Potions
 d - a potion of berserk rage {unknown}
 j - a potion of resistance

Dungeon Overview and Level Annotations

Branches:
Dungeon (3/15)

Altars:
Nemelex Xobeh
The Shining One

Annotations:
D:2 1 runed translucent door, Crazy Yiuf


Message History

The gnoll hits you but does no damage.
You shoot a sling bullet.
The sling bullet closely misses the gnoll.
The gnoll hits you but does no damage.
You shoot a sling bullet. The sling bullet misses the goblin.
The gnoll hits you but does no damage. The goblin barely misses you.
The gnoll hits you but does no damage. The goblin closely misses you.
You shoot a sling bullet. The sling bullet hits the goblin.
You kill the goblin!
The gnoll hits you from afar with a +0 spear.
You shoot a sling bullet.
The sling bullet hits the ogre but does no damage.
A rat comes into view.
The gnoll hits you but does no damage. The ogre misses you.
You shoot a sling bullet.
The sling bullet barely misses the ogre.
The gnoll closely misses you. The ogre closely misses you.
The gnoll barely misses you.
You shoot a sling bullet. The sling bullet hits the ogre.
The ogre is lightly wounded.
The ogre barely misses you. The gnoll barely misses you.
You shoot a sling bullet.
The sling bullet closely misses the ogre.
The gnoll hits you but does no damage. The ogre hits you with a +0 giant club.
You shoot a sling bullet. The sling bullet hits the ogre.
The ogre is moderately wounded.
The gnoll closely misses you.
You shoot a sling bullet. The sling bullet hits the ogre.
The ogre is moderately wounded.
The gnoll closely misses you. The ogre hits you with a +0 giant club!
The gnoll hits you from afar with a +0 spear.
You shoot a sling bullet.
The sling bullet hits the ogre but does no damage.
The ogre is moderately wounded.
The ogre hits you with a +0 giant club! The gnoll hits you but does no damage.
You shoot a sling bullet. The sling bullet hits the ogre.
The ogre is heavily wounded.
The ogre hits you with a +0 giant club!!
Ouch! That really hurt!
You die...

......#..#.#
......#....#
########..>#
#####
#############
#.#.#...#.#.#
#####
##.#..#..#.#
....#
#.#..###.@#
###.#####..##
##.O#
#...##..##
##g.#
###..%.## r.#
####..# ..#
##..# .##
#..# #. #..#
# #...


You could see an ogre, a gnoll and a rat.

Vanquished Creatures
  An iguana (D:2)
  Jessica (D:3)
  Natasha (twice) (D:3)
  An orc wizard (D:3)
  3 adders
  A worm (D:3)
  A dart slug (D:1)
  10 orcs (D:3)
  5 ball pythons
  7 bats
  4 endoplasms
  A giant cockroach (D:1)
  4 goblins
  6 hobgoblins
  2 jackals (D:3)
  5 quokkas
  4 frilled lizards
  5 kobolds
  8 rats
71 creatures vanquished.

Notes
Turn   | Place    | Note
-------+----------+-------------------------------------------
     0 | D:1      | qw the Gargoyle Hexslinger began the quest for the Orb.
     0 | D:1      | Reached XP level 1. HP: 12/12 MP: 2/2
     0 | D:1      | 0 ||| qw: Version: 0.3-a-46-gb1f654a
     0 | D:1      | 0 ||| qw: Game counter: 3056
     0 | D:1      | 0 ||| qw: Melee chars always use a shield: true
     0 | D:1      | 0 ||| qw: God list: Okawaru
     0 | D:1      | 0 ||| qw: Allow faded altars: false
     0 | D:1      | 0 ||| qw: Do Orc after clearing Dungeon:15 true
     0 | D:1      | 0 ||| qw: Do second Lair branch before Depths: true
     0 | D:1      | 0 ||| qw: Lair rune preference: random
     0 | D:1      | 0 ||| qw: Goals: Normal
     0 | D:1      | 0 ||| PLANNING D:1-11
   143 | D:1      | Reached XP level 2. HP: 9/16 MP: 3/3
   301 | D:1      | Reached skill level 3 in Ranged Weapons
   663 | D:1      | Reached XP level 3. HP: 19/21 MP: 4/4
   869 | D:1      | 869 ||| UPGRADING to +0 leather armour.
   879 | D:1      | 879 ||| DROPPING +0 robe.
   880 | D:1      | 880 ||| UPGRADING to +0 pair of boots.
   885 | D:1      | 885 ||| UPGRADING to +0 ring mail.
   895 | D:1      | 895 ||| DROPPING +0 leather armour.
   896 | D:1      | 896 ||| READING scroll labelled UWEHAGR QUNIN.
   897 | D:1      | 897 ||| READING scroll labelled HAPRO ODDEDEI.
   901 | D:1      | 901 ||| READING scroll labelled LITOFI TIEWO.
   902 | D:1      | 902 ||| DROPPING scroll of poison.
   988 | D:2      | Found a sparkling altar of Nemelex Xobeh.
  1024 | D:2      | HP: 5/21 [iguana (2)]
  1030 | D:2      | Reached XP level 4. HP: 4/26 MP: 5/5
  1392 | D:2      | Found a runed translucent door.
  1393 | D:2      | Noticed Crazy Yiuf
  1782 | D:2      | 1782 ||| UPGRADING to +0 cloak.
  1787 | D:2      | 1787 ||| UPGRADING to +4 ring of protection.
  1788 | D:2      | 1788 ||| READING scroll labelled PUSCHU QOFROTY.
  1789 | D:2      | 1789 ||| READING 2 scrolls labelled YFYRAQ RAD EDU.
  1790 | D:2      | 1790 ||| READING scroll labelled BEDOCH WOLYPH.
  1791 | D:2      | 1791 ||| DRINKING 2 fizzy cyan potions.
  1792 | D:2      | 1792 ||| DRINKING 2 yellow potions.
  1793 | D:2      | 1793 ||| DROPPING scroll of immolation.
  1931 | D:3      | Noticed Jessica
  1948 | D:3      | Reached skill level 4 in Ranged Weapons
  1979 | D:3      | Reached XP level 5. HP: 11/30 MP: 6/6
  1982 | D:3      | HP: 5/30 [Jessica/nerve-wracking pain (7)]
  1983 | D:3      | 1983 ||| DRINKING potion of heal wounds.
  1986 | D:3      | Killed Jessica
  2111 | D:3      | Noticed Natasha
  2120 | D:3      | Killed Natasha
  2138 | D:3      | Reached skill level 5 in Ranged Weapons
  2244 | D:3      | HP: 5/30 [orc/+0 flail (5)]
  2380 | D:3      | Found a glowing golden altar of the Shining One.
  2436 | D:3      | Noticed Natasha
  2444 | D:3      | Killed Natasha
  2445 | D:3      | Reached skill level 3 in Fighting
  2445 | D:3      | Reached XP level 6. HP: 25/37 MP: 7/7
  2521 | D:3      | HP: 6/37 [ogre/+0 giant club (10)]
  2522 | D:3      | Demolished by an ogre

Levels and vault maps discovered:
D:1:      minmay_arrival_arboretum_small, layout_loops_ring, patterned_corridor
D:2:      layout_loops_ring, basic_altar, st_stairs_14,
          nicolae_figureground_pulse, uniq_crazy_yiuf_cottage
D:3:      minmay_diamond_boxcup, layout_basic, mainiacjoe_overflow_boulevard,
          hangedman_decor_lopped, uniq_terence, uniq_natasha, uniq_jessica

Skill      XL: |  1  2  3  4  5 |
---------------+----------------+-----
Ranged Weapons | 3 4 5 |  5.0
Fighting       | 2 3 |  3.0
Armour         | 2 |  2.2
Dodging        | |  1.5
Spellcasting   | |  1.0
Hexes          | |  2.6

Action                     |  1- 3 |  4- 6 || total
---------------------------+-------+-------++-------
   Fire: Sling             |   114 |   189 ||   303
    Use: Scroll            |     3 |     3 ||     6
         Potion            |       |     3 ||     3
 Armour: Robe              |    11 |       ||    11
         Ring mail         |     7 |   115 ||   122
  Dodge: Dodged            |    48 |    92 ||   140

Table legend:
 A = Non-vault XP
 B = Vault XP
 C = Vault XP percentage of total XP
 D = Non-vault monster count
 E = Vault monster count
 F = Vault count percentage of total count
                 A         B        C        D         E       F
            +---------+---------+-------+---------+---------+-------
      Total |     263 |      80 |  23.3 |      66 |       5 |   7.0
            +---------+---------+-------+---------+---------+-------
        D:1 |      40 |       0 |   0.0 |      23 |       0 |   0.0
        D:2 |      80 |       2 |   2.4 |      15 |       1 |   6.2
        D:3 |     143 |      78 |  35.3 |      28 |       4 |  12.5
            +---------+---------+-------+---------+---------+-------
